Map: Tourmaline LE

Players

lorimbo

  • Race: Zerg Zerg
  • League: Grandmaster
  • Spawn Location: 1:00

I.A. 1 (Molto facile) - Winner!

  • Race: Zerg Zerg
  • Spawn Location: 7:00

VOD

Have the link to the VOD?

Description

Time

  • Played on: Feb. 28, 2026, 11:13 a.m.
  • Length: 8:17
Show
View Real Time Build Order
Export as new Build Order

lorimbo Zerg 

Build Orders: Pool First 

Get SALT Encoding   

  12  0:01  Drone  
  13  0:12  Overlord  
  13  0:17  Drone  
  14  0:31  Drone x2  
  14  0:35  Drone  
  17  0:46  Spawning Pool  
  17  0:47  Drone  
  17  0:55  Drone  
  18  1:08  Hatchery  
  17  1:12  Extractor  
  16  1:32  Zergling x6, Queen  
  21  1:43  Drone  
  22  1:54  Overlord  
  22  2:11  Queen  
  22  2:15  Drone  
  25  2:16  Drone  
  25  2:19  Queen  
  25  2:22  Drone  
  29  2:27  Drone  
  29  2:32  Drone  
  29  2:37  Drone  
  29  2:40  Overlord  
  29  2:42  Drone  
  29  2:43  Drone  
  31  2:45  Drone  
  31  2:49  Drone  
  33  2:56  Lair  
  33  3:00  Drone  
  33  3:02  Drone  
  35  3:07  Evolution Chamber  
  35  3:08  Drone  
  35  3:16  Roach Warren  
  35  3:17  Drone  
  35  3:19  Drone  
  36  3:21  Drone  
  36  3:23  Drone  
  36  3:25  Drone  
  39  3:27  Drone  
  39  3:32  Evolution Chamber, Drone  
  40  3:35  Drone  
  40  3:39  Overlord  
  41  3:42  Zerg Missile Weapons Level 1  
  41  3:48  Drone x2, Extractor  
  42  3:49  Extractor  
  42  3:50  Drone  
  42  3:52  Drone  
  42  3:54  Drone  
  44  3:56  Overlord  
  44  3:59  Drone  
  44  4:00  Drone  
  46  4:05  Drone, Glial Reconstitution  
  46  4:08  Drone  
  48  4:12  Overlord  
  48  4:15  Overlord  
  48  4:18  Roach  
  48  4:19  Roach  
  48  4:22  Roach  
  54  4:24  Roach  
  54  4:27  Roach  
  54  4:30  Roach  
  60  4:33  Overlord  
  60  4:36  Roach  
  60  4:38  Roach  
  64  4:41  Roach  
  64  4:43  Roach  
  64  4:45  Roach  
  70  4:48  Roach  
  70  4:50  Overlord  
  72  4:53  Roach  
  72  4:56  Roach  
  72  4:58  Roach  
  78  5:03  Roach  
  78  5:05  Overlord  
  82  5:07  Roach  
  82  5:08  Roach  
  84  5:16  Drone, Extractor  
  84  5:23  Drone x2, Hatchery  
  84  5:24  Drone  
  86  5:29  Roach x2  
  86  5:35  Roach x2  
  94  5:37  Roach  
  94  5:41  Overlord  
  96  5:44  Overlord  
  96  5:57  Drone x4  
  96  5:59  Overlord  
  96  6:01  Overlord  
  100  6:11  Drone x4  
  104  6:15  Drone  
  105  6:21  Overlord  
  105  6:24  Overlord  
  105  6:28  Ravager x2  
  105  6:31  Ravager x2  
  109  6:37  Roach x4  
  109  6:38  Roach x4  
  125  6:40  Overlord  
  125  6:47  Roach  
  125  6:48  Roach  
  125  6:52  Roach  
  131  6:58  Roach  
  131  6:59  Roach  
  135  7:02  Roach  
  135  7:03  Roach  
  135  7:06  Roach x5  
  149  7:10  Overlord x2  
  149  7:11  Roach  
  149  7:12  Roach  
  149  7:13  Roach  
  155  7:16  Roach  
  155  7:19  Roach  
  161  7:22  Roach  
  161  7:28  Roach  
  163  7:32  Overlord  
  163  7:33  Roach x5  
  173  7:37  Roach  
  173  7:38  Roach  
  177  7:53  Roach x4  
  185  8:03  Ravager  
Show
View Real Time Build Order
Export as new Build Order

I.A. 1 (Molto facile) Zerg - Winner!

Build Orders: Hatch First 

Get SALT Encoding   

  12  0:00  Drone  
  13  0:12  Overlord  
  13  0:16  Drone  
  14  0:41  Hatchery  
  14  0:42  Drone  
  14  0:59  Spawning Pool  
  14  1:02  Drone  
  14  1:05  Extractor  
  14  1:09  Drone  
  14  1:16  Overlord  
  14  1:46  Zergling x2  
  15  1:48  Zergling x2, Queen  
  18  1:55  Roach Warren  
  18  2:00  Drone  
  18  2:06  Extractor  
  18  2:08  Drone  
  18  2:13  Zergling x2  
  19  2:19  Drone  
  19  2:28  Drone  
  19  2:33  Zergling x4  
  21  2:38  Drone  
  22  2:45  Drone  
  23  2:52  Drone  
  24  2:59  Drone  
  25  3:06  Drone  
  26  3:14  Drone  
  26  3:15  Lair  
  27  3:21  Drone  
  28  3:39  Overlord  
  28  3:43  Drone  
  29  3:50  Drone  
  30  3:58  Drone  
  31  4:05  Drone  
  32  4:12  Drone  
  32  4:14  Overseer, Overlord  
  32  4:15  Overseer  
  33  4:17  Spire  
  33  4:19  Drone  
  33  4:26  Drone  
  34  4:33  Drone  
  35  4:40  Drone  
  35  4:41  Extractor  
  35  4:48  Drone  
  35  4:49  Extractor  
  35  4:55  Drone  
  36  5:02  Drone  
  37  5:09  Drone  
  38  5:16  Drone  
  39  5:23  Mutalisk, Drone  
  42  5:30  Drone  
  42  5:32  Overlord  
  43  5:38  Drone  
  43  5:40  Queen  
  44  5:45  Drone  
  45  5:52  Drone, Zergling x2  
  47  5:59  Drone  
  48  6:21  Roach  
  50  7:03  Mutalisk  
  52  7:46  Overlord, Zergling x2  
  52  7:51  Drone  
  51  7:58  Drone  
Tags
 
Add a new tag
Caveats
  • Supply blocks, unpowered buildings, or Contaminate may cause inaccurate times.
  • Supply counts are checked every 10 seconds.